[Event "105th British-ch 2018"]
[Site "Hull"]
[Date "2018.08.04"]
[Round "8"]
[White "Pritchett, Craig William"]
[Black "Emms, John M"]
[Result "1-0"]
[ECO "A09"]
[WhiteElo "2274"]
[BlackElo "2488"]
[Annotator "ChessBase"]
[PlyCount "117"]
[EventDate "2018.07.28"]
[EventType "swiss"]
[EventCountry "GBR"]
[SourceTitle "playchess.com"]
[Source "ChessBase"]
[SourceQuality "1"]
[TimeControl "40/5400+30:1800+30"]

1. Nf3 d5 2. e3 Nf6 3. c4 dxc4 4. Bxc4 e6 5. O-O a6 6. Re1 c5 7. b3 Nc6 8. Bb2 Be7 9. Nc3 O-O 10. Qc2 b5 11. Bf1 Bb7 12. a3 Rc8 13. Ne2 h6 14. Ng3 Na5 15. Rab1 Qb6 16. d3 Rfd8 17. Ba1 Nc6 18. h3 Nb8 19. Ne5 Nbd7 20. f4 Nxe5 21. fxe5 Nd7 22. Qf2 Nf8 23. Be2 Bh4 24. Rf1 Rc7 25. b4 Ng6 26. d4 cxd4 27. Bxd4 Rxd4 28. exd4 Bxg3 29. Qxg3 Qxd4+ 30. Kh2 Rc3 31. Bf3 Nxe5 32. Rbd1 Nxf3+ 33. Rxf3 Qxd1 34. Rxc3 Bd5 35. Rc8+ Kh7 36. Qb8 Qd4 37. Rh8+ Kg6 38. Qg3+ Kf6 39. Rh7 g6 40. Rxh6 Kg7 41. Rh4 Qf6 42. Rf4 Qb2 43. Rf2 Qd4 44. Rf4 Qb2 45. h4 f6 46. Rg4 Qc2 47. Qd6 Qf5 48. Qc7+ Kh6 49. Rf4 Qe5 50. Qxe5 fxe5 51. Rf7 g5 52. hxg5+ Kxg5 53. Kg3 e4 54. Kf2 e5 55. Rf8 Kg4 56. Rf6 e3+ 57. Kxe3 Bxg2 58. Rg6+ Kh3 59. Rxa6 1-0

[Event "105th British-ch 2018"]
[Site "Hull"]
[Date "2018.08.04"]
[Round "8"]
[White "Britton, Richard"]
[Black "Roberson, Peter T"]
[Result "0-1"]
[ECO "C00"]
[WhiteElo "2249"]
[BlackElo "2401"]
[Annotator "NA"]
[PlyCount "80"]
[EventDate "2018.07.28"]
[EventType "swiss"]
[EventCountry "GBR"]
[SourceTitle "playchess.com"]
[Source "ChessBase"]
[SourceQuality "1"]
[TimeControl "40/5400+30:1800+30"]

1. e4 c5 2. Nf3 e6 3. d3 d5 4. Nbd2 Nc6 5. g3 Nf6 6. Bg2 Be7 7. O-O O-O 8. Re1 Qc7 9. e5 Nd7 10. Qe2 b5 11. Nf1 Bb7 12. Bf4 Rfc8 13. h4 Qd8 14. N1h2 a5 15. h5 h6 16. Qd2 a4 17. a3 Nf8 18. Ng4 Nh7 19. Rad1 Bf8 20. Qc1 b4 21. c4 bxc3 22. bxc3 Rab8 23. c4 Nd4 24. Nd2 Ng5 25. Nh2 Qe7 26. g4 Bc6 27. Bg3 Nb3 28. Nxb3 axb3 29. f4 Nh7 30. Qd2 dxc4 31. dxc4 Rd8 32. Qb2 Bxg2 33. Kxg2 Qb7+ 34. Nf3 Rxd1 35. Rxd1 Qe4 36. Rd2 Qxc4 37. Kf2 Qe4 38. Re2 Qc6 39. Nd2 c4 40. Qc3 b2 0-1

[Event "105th British-ch 2018"]
[Site "Hull"]
[Date "2018.08.04"]
[Round "8"]
[White "Rudd, Jack"]
[Black "Miller, Dominic"]
[Result "1-0"]
[ECO "D98"]
[WhiteElo "2244"]
[BlackElo "2017"]
[Annotator "NA"]
[PlyCount "65"]
[EventDate "2018.07.28"]
[EventType "swiss"]
[EventCountry "GBR"]
[SourceTitle "playchess.com"]
[Source "ChessBase"]
[SourceQuality "1"]
[TimeControl "40/5400+30:1800+30"]

1. d4 Nf6 2. c4 g6 3. Nc3 d5 4. Nf3 Bg7 5. Qb3 dxc4 6. Qxc4 O-O 7. e4 Bg4 8. Be3 Nc6 9. d5 Na5 10. Qb4 c6 11. e5 Bxf3 12. exf6 Bxf6 13. gxf3 cxd5 14. Rd1 e6 15. Bc5 Re8 16. Bb5 Nc6 17. Bxc6 bxc6 18. Ne4 Bg7 19. b3 Qh4 20. Ng3 Qf6 21. f4 Bh6 22. Bd6 e5 23. fxe5 Bf4 24. O-O Bxe5 25. Bxe5 Rxe5 26. Qd4 Qe7 27. Qc3 Re6 28. Rfe1 Re8 29. Rxe6 Qxe6 30. Rc1 Qc8 31. Re1 h5 32. Rxe8+ Qxe8 33. Qe3 1-0

[Event "105th British-ch 2018"]
[Site "Hull"]
[Date "2018.08.04"]
[Round "8"]
[White "Moore, Graham J"]
[Black "Trent, Lawrence"]
[Result "0-1"]
[ECO "A41"]
[WhiteElo "2218"]
[BlackElo "2406"]
[Annotator "NA"]
[PlyCount "42"]
[EventDate "2018.07.28"]
[EventType "swiss"]
[EventCountry "GBR"]
[SourceTitle "playchess.com"]
[Source "ChessBase"]
[SourceQuality "1"]
[TimeControl "40/5400+30:1800+30"]

1. Nf3 Nc6 2. d4 d6 3. Bf4 Nf6 4. e3 Nh5 5. c3 g6 6. Nbd2 Bg7 7. Bd3 Nxf4 8. exf4 e5 9. O-O O-O 10. d5 Ne7 11. Qb3 exf4 12. a4 c6 13. dxc6 bxc6 14. a5 Qc7 15. Rfe1 Bf5 16. Ba6 Rab8 17. Qa3 c5 18. Rac1 Rfe8 19. Nh4 Bd7 20. g3 Bc6 21. Ng2 Bxg2 0-1

[Event "105th British-ch 2018"]
[Site "Hull"]
[Date "2018.08.04"]
[Round "8"]
[White "Kalaiyalahan, Akshaya"]
[Black "Iyengar, Ilya"]
[Result "1-0"]
[ECO "E63"]
[WhiteElo "2138"]
[BlackElo "2017"]
[Annotator "NA"]
[PlyCount "111"]
[EventDate "2018.07.28"]
[EventType "swiss"]
[EventCountry "GBR"]
[SourceTitle "playchess.com"]
[Source "ChessBase"]
[SourceQuality "1"]
[TimeControl "40/5400+30:1800+30"]

1. d4 Nf6 2. c4 g6 3. Nf3 Bg7 4. g3 O-O 5. Bg2 d6 6. O-O Nc6 7. Nc3 a6 8. Qc2 Rb8 9. Rd1 Bd7 10. e4 Qc8 11. Ne2 Re8 12. a3 e5 13. d5 Ne7 14. b4 Nh5 15. Bb2 f5 16. Nd2 Bh6 17. c5 f4 18. Nc4 Rf8 19. Qd3 Bb5 20. f3 fxg3 21. hxg3 Qd8 22. Bc1 Bxc1 23. Raxc1 g5 24. Qe3 Ng6 25. Rd2 Ng7 26. cxd6 cxd6 27. Qb6 Rf6 28. Qxd8+ Rxd8 29. Nb6 Rf7 30. a4 Be8 31. Rdc2 h5 32. Rc7 h4 33. Rxf7 Bxf7 34. Bh3 hxg3 35. Nxg3 Nh4 36. Rc3 Nh5 37. Kf2 Nf4 38. Bc8 Be8 39. Ke3 Nh5 40. Ne2 Ng2+ 41. Kd2 Nf6 42. Ng3 Nh4 43. a5 Nh5 44. Nxh5 Bxh5 45. Bxb7 Nxf3+ 46. Ke3 g4 47. Bxa6 g3 48. Bf1 Nd4 49. a6 Rf8 50. Rc8 Be8 51. Rxe8 Rxe8 52. a7 Nc2+ 53. Kd2 Nxb4 54. a8=Q Rxa8 55. Nxa8 Na6 56. Ke3 1-0

[Event "105th British-ch 2018"]
[Site "Hull"]
[Date "2018.08.04"]
[Round "8"]
[White "Longson, Sarah N"]
[Black "Zakarian, David"]
[Result "0-1"]
[ECO "B30"]
[WhiteElo "2123"]
[BlackElo "2354"]
[Annotator "NA"]
[PlyCount "66"]
[EventDate "2018.07.28"]
[EventType "swiss"]
[EventCountry "GBR"]
[SourceTitle "playchess.com"]
[Source "ChessBase"]
[SourceQuality "1"]
[TimeControl "40/5400+30:1800+30"]

1. e4 c5 2. Nf3 Nc6 3. Bb5 e6 4. O-O Nge7 5. Re1 a6 6. Bf1 d5 7. exd5 Nxd5 8. d4 Be7 9. c3 O-O 10. dxc5 Bxc5 11. Bd3 Qb6 12. Qe2 Bd7 13. Ng5 f5 14. Qf3 Rae8 15. Nd2 h6 16. Nh3 Qc7 17. Nf1 Ne5 18. Qd1 Ng4 19. Bc2 Qb6 20. Qf3 Bc6 21. Qg3 Bb5 22. Qf3 Qd6 23. Qg3 Qd8 24. Bf4 Nxf4 25. Qxf4 Bd6 26. Qc1 Qh4 27. Bb3 Rf6 28. Ng3 Kh8 29. Qd2 Bc5 30. Nh1 Rg6 31. Qf4 Nxf2 32. N1xf2 Qxh3 33. g3 Bc6 0-1

[Event "105th British-ch 2018"]
[Site "Hull"]
[Date "2018.08.04"]
[Round "8"]
[White "Payne, Matthew J"]
[Black "Macklin, Paul"]
[Result "1/2-1/2"]
[ECO "B06"]
[WhiteElo "2113"]
[BlackElo "2363"]
[Annotator "NA"]
[PlyCount "50"]
[EventDate "2018.07.28"]
[EventType "swiss"]
[EventCountry "GBR"]
[SourceTitle "playchess.com"]
[Source "ChessBase"]
[SourceQuality "1"]
[TimeControl "40/5400+30:1800+30"]

1. e4 g6 2. d4 Bg7 3. Nf3 d6 4. Bc4 Nf6 5. Qe2 Nc6 6. O-O Bg4 7. c3 O-O 8. h3 Bxf3 9. Qxf3 e5 10. Rd1 Nd7 11. Be3 exd4 12. cxd4 Nb6 13. Bb3 Na5 14. Nc3 Nxb3 15. axb3 a6 16. Ra5 c6 17. Rda1 Qd7 18. Qe2 Rae8 19. Qd3 f5 20. exf5 gxf5 21. d5 c5 22. Bf4 Be5 23. Bxe5 Rxe5 24. f4 Re7 25. Rf1 Rfe8 1/2-1/2

[Event "105th British-ch 2018"]
[Site "Hull"]
[Date "2018.08.04"]
[Round "8"]
[White "Krzyzanowski, Patryk"]
[Black "Waddington, Mike P"]
[Result "1-0"]
[ECO "A21"]
[WhiteElo "2087"]
[BlackElo "2110"]
[Annotator "NA"]
[PlyCount "85"]
[EventDate "2018.07.28"]
[EventType "swiss"]
[EventCountry "GBR"]
[SourceTitle "playchess.com"]
[Source "ChessBase"]
[SourceQuality "1"]
[TimeControl "40/5400+30:1800+30"]

1. c4 f5 2. Nc3 Nf6 3. g3 g6 4. Bg2 Bg7 5. d3 O-O 6. Nf3 d6 7. O-O e5 8. Bg5 h6 9. Bxf6 Qxf6 10. Nd5 Qf7 11. Nd2 c6 12. Nc3 Na6 13. Rb1 Nc7 14. b4 e4 15. Qc2 d5 16. b5 Ne6 17. bxc6 bxc6 18. cxd5 Nd4 19. Qa4 cxd5 20. e3 Bd7 21. Qa5 Nc6 22. Qc5 Rfc8 23. Nxd5 Bf8 24. Qc4 Be6 25. dxe4 Ne5 26. Qd4 Bg7 27. exf5 gxf5 28. Nf4 Nf3+ 29. Nxf3 Bxd4 30. Nxd4 Bxa2 31. Rb2 Kh8 32. Nxf5 Rab8 33. Nxh6 Qf6 34. Rxa2 Qxh6 35. Rxa7 Rb4 36. Bh3 Rcb8 37. Bf5 Kg8 38. Rc1 R4b7 39. Rc7 Rxc7 40. Rxc7 Qd6 41. Be6+ Kf8 42. Ng6+ Ke8 43. Re7+ 1-0

[Event "105th British-ch 2018"]
[Site "Hull"]
[Date "2018.08.04"]
[Round "8"]
[White "Verma, Aditya"]
[Black "Jarmany, John"]
[Result "1/2-1/2"]
[ECO "B12"]
[WhiteElo "2084"]
[BlackElo "2110"]
[Annotator "NA"]
[PlyCount "44"]
[EventDate "2018.07.28"]
[EventType "swiss"]
[EventCountry "GBR"]
[SourceTitle "playchess.com"]
[Source "ChessBase"]
[SourceQuality "1"]
[TimeControl "40/5400+30:1800+30"]

1. e4 c6 2. d4 d5 3. e5 c5 4. c3 Nc6 5. Nf3 Bg4 6. Be2 e6 7. Nbd2 cxd4 8. cxd4 Bb4 9. O-O Nge7 10. Nb3 Nf5 11. h3 Bxf3 12. Bxf3 Qb6 13. Be3 a5 14. a4 O-O 15. Qd3 Rac8 16. Rfc1 Be7 17. Rc3 Nb4 18. Qd2 Nc6 19. Qd3 Nb4 20. Qd2 Nc6 21. Qd3 Nb4 22. Qd2 Nc6 1/2-1/2

[Event "105th British-ch 2018"]
[Site "Hull"]
[Date "2018.08.04"]
[Round "8"]
[White "Ratnesan, Ranesh"]
[Black "Price, Gwilym T"]
[Result "1/2-1/2"]
[ECO "E67"]
[WhiteElo "2073"]
[BlackElo "2085"]
[Annotator "NA"]
[PlyCount "47"]
[EventDate "2018.07.28"]
[EventType "swiss"]
[EventCountry "GBR"]
[SourceTitle "playchess.com"]
[Source "ChessBase"]
[SourceQuality "1"]
[TimeControl "40/5400+30:1800+30"]

1. d4 Nf6 2. c4 g6 3. Nf3 Bg7 4. Nc3 O-O 5. g3 d6 6. Bg2 Nbd7 7. O-O e5 8. dxe5 dxe5 9. Bg5 h6 10. Bxf6 Qxf6 11. Nd2 c6 12. b4 Rd8 13. Qc2 Nf8 14. Rac1 Qd6 15. Nce4 Qxb4 16. c5 Qa5 17. Nc4 Qc7 18. Ncd6 Be6 19. Rb1 b5 20. cxb6 axb6 21. Nb5 Qe7 22. Qxc6 Rxa2 23. Nec3 Rad2 24. Qxb6 1/2-1/2

[Event "105th British-ch 2018"]
[Site "Hull"]
[Date "2018.08.04"]
[Round "8"]
[White "McDougall, William M"]
[Black "Bradbury, Neil H"]
[Result "0-1"]
[ECO "E15"]
[WhiteElo "2056"]
[BlackElo "2350"]
[Annotator "NA"]
[PlyCount "106"]
[EventDate "2018.07.28"]
[EventType "swiss"]
[EventCountry "GBR"]
[SourceTitle "playchess.com"]
[Source "ChessBase"]
[SourceQuality "1"]
[TimeControl "40/5400+30:1800+30"]

1. d4 Nf6 2. c4 e6 3. Nf3 b6 4. g3 Ba6 5. Qc2 Bb4+ 6. Bd2 Be7 7. Bg2 d5 8. Ne5 O-O 9. O-O c5 10. dxc5 bxc5 11. cxd5 Nxd5 12. Nc3 Bf6 13. Ng4 Bxc3 14. Bxc3 Nc6 15. Rfd1 Qg5 16. h3 Rac8 17. e3 Rfd8 18. a3 h5 19. Nh2 Bb7 20. Nf3 Qh6 21. Rac1 Ba8 22. Ne5 Nxe5 23. Bxe5 Nxe3 24. Rxd8+ Rxd8 25. Bf4 Nxc2 26. Bxh6 Nd4 27. Rxc5 gxh6 28. Bxa8 Rxa8 29. Rxh5 Kg7 30. Ra5 Nc6 31. Ra6 Rc8 32. b4 Rc7 33. b5 Nb8 34. Ra4 Nd7 35. Rb4 Nb6 36. Kf1 Rc3 37. Rg4+ Kf8 38. Rh4 Kg7 39. Rg4+ Kh7 40. Rf4 Kg8 41. Rg4+ Kf8 42. Rh4 Rxa3 43. Rxh6 Kg7 44. Rh5 Ra5 45. Rg5+ Kh6 46. h4 Nd5 47. Rg8 Rxb5 48. Kg2 Nb6 49. g4 a5 50. g5+ Kh7 51. Rf8 Kg7 52. Rd8 a4 53. f4 a3 0-1

[Event "105th British-ch 2018"]
[Site "Hull"]
[Date "2018.08.04"]
[Round "8"]
[White "Jamroz, Krzysztof"]
[Black "Mcmichael, Richard J"]
[Result "0-1"]
[ECO "C04"]
[WhiteElo "2026"]
[BlackElo "2245"]
[Annotator "NA"]
[PlyCount "68"]
[EventDate "2018.07.28"]
[EventType "swiss"]
[EventCountry "GBR"]
[SourceTitle "playchess.com"]
[Source "ChessBase"]
[SourceQuality "1"]
[TimeControl "40/5400+30:1800+30"]

1. e4 e6 2. d4 d5 3. Nd2 Nc6 4. Ngf3 Nf6 5. e5 Nd7 6. c3 f6 7. Bb5 Be7 8. exf6 Bxf6 9. O-O O-O 10. Re1 Re8 11. Nb3 a5 12. Bf4 Na7 13. Bd3 b6 14. Qc2 Nf8 15. a4 Bd7 16. h4 Re7 17. g4 Rf7 18. Bg3 g6 19. g5 Bg7 20. Ne5 Bxe5 21. Bxe5 Nc6 22. Bg3 Ne7 23. Qe2 Nf5 24. Kg2 Ra7 25. Nd2 c5 26. Nf3 Bc8 27. Ne5 cxd4 28. Nc6 Qd7 29. Nxa7 Qxa7 30. Bxf5 gxf5 31. cxd4 f4 32. Qc2 fxg3 33. Qxc8 Rxf2+ 34. Kxg3 Qf7 0-1

[Event "105th British-ch 2018"]
[Site "Hull"]
[Date "2018.08.04"]
[Round "8"]
[White "Burke, Mitchell R"]
[Black "Jackson, Sheila"]
[Result "1/2-1/2"]
[ECO "C68"]
[WhiteElo "1988"]
[BlackElo "2072"]
[Annotator "NA"]
[PlyCount "51"]
[EventDate "2018.07.28"]
[EventType "swiss"]
[EventCountry "GBR"]
[SourceTitle "playchess.com"]
[Source "ChessBase"]
[SourceQuality "1"]
[TimeControl "40/5400+30:1800+30"]

1. e4 e5 2. Nf3 Nc6 3. Bb5 a6 4. Bxc6 dxc6 5. O-O Qf6 6. d4 exd4 7. Bg5 Qd6 8. Qxd4 f6 9. Be3 Qxd4 10. Nxd4 Bd7 11. Nc3 O-O-O 12. Rad1 Re8 13. Nde2 g5 14. f3 Bd6 15. Na4 Be6 16. b3 Ne7 17. Bd4 Rhf8 18. Nc5 Bg8 19. Ng3 b6 20. Nd3 c5 21. Bc3 c4 22. Nf2 cxb3 23. axb3 a5 24. Ng4 Bxg3 25. hxg3 f5 26. Nf6 1/2-1/2

[Event "105th British-ch 2018"]
[Site "Hull"]
[Date "2018.08.04"]
[Round "8"]
[White "De Coverly, Roger D"]
[Black "Sugden, John N"]
[Result "1-0"]
[ECO "C00"]
[WhiteElo "1920"]
[BlackElo "2090"]
[Annotator "NA"]
[PlyCount "125"]
[EventDate "2018.07.28"]
[EventType "swiss"]
[EventCountry "GBR"]
[SourceTitle "playchess.com"]
[Source "ChessBase"]
[SourceQuality "1"]
[TimeControl "40/5400+30:1800+30"]

1. e4 c5 2. Nf3 e6 3. d3 Nc6 4. g3 Nf6 5. Bg2 d5 6. Nbd2 Be7 7. O-O O-O 8. Re1 Bd7 9. e5 Ne8 10. Nf1 f6 11. exf6 Bxf6 12. Ne3 Nd6 13. Ng4 Nf7 14. Nxf6+ Qxf6 15. c4 Rad8 16. Rf1 Bc8 17. Qb3 dxc4 18. Qxc4 b6 19. h4 h6 20. Bd2 e5 21. Bc3 Be6 22. Qa6 Bd5 23. Nh2 Bxg2 24. Kxg2 Qd6 25. Rad1 Qd5+ 26. Kg1 Nd6 27. Qa4 Rf7 28. a3 Nf5 29. Qe4 Nfd4 30. Qxd5 Rxd5 31. Kg2 Rfd7 32. Rde1 Nb5 33. Ng4 Nxc3 34. bxc3 Rxd3 35. Rxe5 Rxc3 36. Re8+ Kh7 37. h5 Re7 38. Re1 Rxe1 39. Rxe1 Kg8 40. Re6 Nd4 41. Re8+ Kf7 42. Rb8 Rxa3 43. Rb7+ Ke6 44. Rxg7 c4 45. Rg6+ Kd5 46. Rxh6 c3 47. Ne3+ Ke4 48. Rh8 c2 49. Rc8 Ra5 50. g4 Rg5 51. h6 Rg8 52. Rxg8 c1=Q 53. h7 Ne2 54. Re8+ Kf4 55. Nd5+ Kxg4 56. Rg8+ Kf5 57. h8=Q Qg1+ 58. Kf3 Nd4+ 59. Qxd4 Qh1+ 60. Rg2 Qh3+ 61. Rg3 Qh1+ 62. Ke2 Qh5+ 63. Kd2 1-0

[Event "105th British-ch 2018"]
[Site "Hull"]
[Date "2018.08.05"]
[Round "9"]
[White "Pert, Nicholas"]
[Black "Hawkins, Jonathan"]
[Result "*"]
[ECO "D37"]
[WhiteElo "2544"]
[BlackElo "2590"]
[Annotator "ChessBase"]
[PlyCount "44"]
[EventDate "2018.07.28"]
[EventType "swiss"]
[EventCountry "GBR"]
[SourceTitle "playchess.com"]
[Source "ChessBase"]
[SourceQuality "1"]
[TimeControl "40/5400+30:1800+30"]

1. d4 d5 2. c4 e6 3. Nf3 Nf6 4. Nc3 dxc4 5. e4 Bb4 6. Bxc4 Nxe4 7. O-O Nxc3 8. bxc3 Be7 (8... Bxc3 9. Rb1) 9. Ne5 O-O 10. Qg4 Nc6 11. Re1 Nxe5 (11... f5 12. Qf3 Nxe5 13. Rxe5 Kh8 14. Bf4 Bd6 15. Re3 Bxf4 16. Qxf4) 12. dxe5 f5 13. exf6 Bxf6 14. Ba3 Bxc3 15. Rad1 Qf6 16. Bxf8 Bxe1 17. Bxg7 Qxg7 (17... Qxf2+ 18. Kh1) (17... Bxf2+ 18. Kf1) 18. Rd8+ Kf7 19. Qf4+ Ke7 (19... Qf6 20. Rf8+) (19... Kg6) 20. Qxc7+ (20. Qh4+ Kf7 (20... Qf6 21. Re8+)) 20... Kf6 21. Qf4+ Ke7 22. Qd6+ Kf7 *

[Event "105th British-ch 2018"]
[Site "Hull"]
[Date "2018.08.05"]
[Round "9"]
[White "Fodor, Tamas Jr."]
[Black "Hebden, Mark L"]
[Result "1-0"]
[ECO "E94"]
[WhiteElo "2506"]
[BlackElo "2423"]
[Annotator "ChessBase"]
[PlyCount "61"]
[EventDate "2018.07.28"]
[EventType "swiss"]
[EventCountry "GBR"]
[SourceTitle "playchess.com"]
[Source "ChessBase"]
[SourceQuality "1"]
[TimeControl "40/5400+30:1800+30"]

1. d4 Nf6 2. c4 g6 3. Nc3 Bg7 4. e4 d6 5. Nf3 O-O 6. Be2 e5 7. O-O Nbd7 8. Qc2 c6 9. Rd1 Qe7 10. Bf1 h6 11. Rb1 Ng4 12. h3 Ngf6 13. dxe5 Nxe5 14. Nxe5 Qxe5 15. Be3 Re8 16. f3 g5 17. Qf2 a6 18. Rd2 Nh5 19. Bd4 Qf4 20. Bxg7 Nxg7 21. Rbd1 Re6 22. Na4 b5 23. Nb6 Rb8 24. c5 Ne8 25. cxd6 Rxd6 26. Rxd6 Nxd6 27. Qc5 Nb7 28. Qxc6 Be6 29. Nd5 Qe5 30. Qxa6 Nc5 31. Qa7 1-0

[Event "105th British-ch 2018"]
[Site "Hull"]
[Date "2018.08.05"]
[Round "9"]
[White "Emms, John M"]
[Black "Webb, Laurence E"]
[Result "1/2-1/2"]
[ECO "D42"]
[WhiteElo "2488"]
[BlackElo "2306"]
[Annotator "ChessBase"]
[PlyCount "60"]
[EventDate "2018.07.28"]
[EventType "swiss"]
[EventCountry "GBR"]
[SourceTitle "playchess.com"]
[Source "ChessBase"]
[SourceQuality "1"]
[TimeControl "40/5400+30:1800+30"]

1. Nf3 d5 2. c4 e6 3. e3 Nf6 4. Nc3 c5 5. d4 Nc6 6. cxd5 Nxd5 7. Bd3 Be7 8. O-O O-O 9. a3 b6 10. Qc2 h6 11. Rd1 Nxc3 12. bxc3 cxd4 13. cxd4 Bb7 14. Bb2 Rc8 15. Qe2 Bf6 16. Bb5 Na5 17. e4 Qc7 18. Rac1 Qf4 19. Bd3 Rfd8 20. Rxc8 Rxc8 21. h3 Qc7 22. g3 Nc4 23. Rc1 b5 24. a4 a6 25. axb5 axb5 26. Nd2 Qb6 27. Nxc4 bxc4 28. Rxc4 Rxc4 29. Bxc4 Bxd4 30. Bxd4 Qxd4 1/2-1/2

[Event "105th British-ch 2018"]
[Site "Hull"]
[Date "2018.08.05"]
[Round "9"]
[White "Ward, Chris G"]
[Black "Rudd, Jack"]
[Result "1-0"]
[ECO "A65"]
[WhiteElo "2434"]
[BlackElo "2244"]
[Annotator "ChessBase"]
[PlyCount "59"]
[EventDate "2018.07.28"]
[EventType "swiss"]
[EventCountry "GBR"]
[SourceTitle "playchess.com"]
[Source "ChessBase"]
[SourceQuality "1"]
[TimeControl "40/5400+30:1800+30"]

1. d4 d6 2. e4 g6 3. c4 Bg7 4. Nc3 Nf6 5. Nge2 O-O 6. Ng3 c5 7. d5 e6 8. Be2 exd5 9. cxd5 Na6 10. O-O Nc7 11. a4 b6 12. Bf4 Re8 13. Qd2 a6 14. Bh6 Bh8 15. f4 Rb8 16. Rad1 b5 17. e5 b4 18. Nce4 Nxe4 19. Nxe4 dxe5 20. d6 Ne6 21. d7 Bxd7 22. Qxd7 exf4 23. Qxd8 Rbxd8 24. Rxd8 Rxd8 25. b3 a5 26. Bc4 Bd4+ 27. Kh1 Be3 28. Ng5 Nxg5 29. Bxg5 Rd4 30. g3 1-0

[Event "105th British-ch 2018"]
[Site "Hull"]
[Date "2018.08.05"]
[Round "9"]
[White "Trent, Lawrence"]
[Black "Derakhshani, Borna"]
[Result "1-0"]
[ECO "D01"]
[WhiteElo "2406"]
[BlackElo "2315"]
[Annotator "NA"]
[PlyCount "103"]
[EventDate "2018.07.28"]
[EventType "swiss"]
[EventCountry "GBR"]
[SourceTitle "playchess.com"]
[Source "ChessBase"]
[SourceQuality "1"]
[TimeControl "40/5400+30:1800+30"]

1. d4 Nf6 2. Bg5 d5 3. Nc3 Bf5 4. Bxf6 gxf6 5. e3 Rg8 6. Nge2 Nc6 7. Nf4 e6 8. Bd3 Bxd3 9. Qxd3 f5 10. Nce2 Qd6 11. a3 O-O-O 12. b4 Kb8 13. g3 e5 14. dxe5 Nxe5 15. Qd1 Nf3+ 16. Kf1 Bg7 17. c3 Be5 18. Nd3 Qh6 19. h4 Bd6 20. Nef4 Ne5 21. Nxe5 Bxe5 22. Qd3 Qc6 23. b5 Qxc3 24. Qxc3 Bxc3 25. Rd1 Be5 26. Nxd5 Rd7 27. Ke2 Rgd8 28. Nb4 Bb2 29. Rxd7 Rxd7 30. a4 Bc3 31. Nd3 b6 32. Rc1 Bg7 33. Nb4 Kb7 34. Nc6 Rd5 35. Rd1 Rxd1 36. Kxd1 Bf6 37. Ke2 a6 38. Kf3 axb5 39. axb5 Kc8 40. Kf4 Bc3 41. f3 Kd7 42. Kxf5 Kd6 43. g4 Kc5 44. Na7 Kd5 45. h5 Bd2 46. e4+ Kd4 47. Kf6 Ke3 48. Kxf7 Kxf3 49. e5 Kxg4 50. e6 Bg5 51. h6 Kh5 52. Kg7 1-0

[Event "105th British-ch 2018"]
[Site "Hull"]
[Date "2018.08.05"]
[Round "9"]
[White "Roberson, Peter T"]
[Black "Kolbus, Dietmar"]
[Result "1-0"]
[ECO "B15"]
[WhiteElo "2401"]
[BlackElo "2303"]
[Annotator "NA"]
[PlyCount "81"]
[EventDate "2018.07.28"]
[EventType "swiss"]
[EventCountry "GBR"]
[SourceTitle "playchess.com"]
[Source "ChessBase"]
[SourceQuality "1"]
[TimeControl "40/5400+30:1800+30"]

1. e4 g6 2. d4 Bg7 3. Nc3 c6 4. Nf3 d5 5. Bd3 Bg4 6. O-O Nf6 7. e5 Nfd7 8. h3 Bxf3 9. Qxf3 e6 10. Qg3 Qb6 11. Be3 Qxb2 12. Ne2 Qb6 13. h4 Qc7 14. h5 Nxe5 15. Rab1 Nbd7 16. dxe5 Bxe5 17. Qh3 b5 18. Nd4 Qd6 19. Rfe1 a6 20. Nf3 Bf6 21. Bd4 Bxd4 22. Nxd4 O-O-O 23. a4 Nc5 24. axb5 cxb5 25. Bxb5 axb5 26. Nxb5 Qb6 27. Nd4 Qd6 28. Ra1 Rhf8 29. Nb5 Qb6 30. Reb1 Kd7 31. Ra7+ Nb7 32. Qa3 Rb8 33. Rxb7+ Qxb7 34. Qd6+ Ke8 35. Nc7+ Qxc7 36. Rxb8+ Qxb8 37. Qxb8+ Ke7 38. Qb4+ Ke8 39. h6 g5 40. Qd6 g4 41. Kf1 1-0

[Event "105th British-ch 2018"]
[Site "Hull"]
[Date "2018.08.05"]
[Round "9"]
[White "Zakarian, David"]
[Black "Payne, Matthew J"]
[Result "1-0"]
[ECO "C04"]
[WhiteElo "2354"]
[BlackElo "2113"]
[Annotator "NA"]
[PlyCount "123"]
[EventDate "2018.07.28"]
[EventType "swiss"]
[EventCountry "GBR"]
[SourceTitle "playchess.com"]
[Source "ChessBase"]
[SourceQuality "1"]
[TimeControl "40/5400+30:1800+30"]

1. e4 e6 2. d4 d5 3. Nd2 Nc6 4. Ngf3 Nf6 5. e5 Nd7 6. Nb3 a5 7. a4 Be7 8. h4 b6 9. Ng5 h6 10. Nxe6 fxe6 11. Qh5+ Kf8 12. Rh3 Qe8 13. Rf3+ Bf6 14. Qxe8+ Kxe8 15. exf6 gxf6 16. Bb5 Nb4 17. Kd1 c6 18. Be2 Ba6 19. c3 Bxe2+ 20. Kxe2 Na6 21. h5 Ke7 22. Bd2 Rag8 23. Kf1 Rg4 24. g3 c5 25. Re1 e5 26. Rf4 Rxf4 27. gxf4 e4 28. f5 cxd4 29. Nxd4 Ne5 30. Ke2 Nc4 31. Bc1 Nc5 32. Rg1 Nd3 33. Rg7+ Kd6 34. Be3 Nxe3 35. Kxe3 Nxb2 36. Rf7 Nxa4 37. Rxf6+ Ke7 38. Re6+ Kd7 39. Nb5 Rf8 40. Kf4 Nc5 41. Rxh6 Nd3+ 42. Kg5 Nxf2 43. Rh7+ Kc6 44. Nd4+ Kd6 45. Rh6+ Kd7 46. Rxb6 Nh3+ 47. Kg4 Nf2+ 48. Kf4 Nd3+ 49. Kg5 Ne5 50. h6 Nf7+ 51. Kg6 Ne5+ 52. Kg7 Rf7+ 53. Kg8 Ke8 54. Re6+ Re7 55. Rxe5 Rxe5 56. h7 Kd7 57. h8=Q Re8+ 58. Kg7 Rxh8 59. Kxh8 e3 60. f6 a4 61. f7 Ke7 62. Kg7 1-0

[Event "105th British-ch 2018"]
[Site "Hull"]
[Date "2018.08.05"]
[Round "9"]
[White "Abdulla, Murad"]
[Black "Kalaiyalahan, Akshaya"]
[Result "0-1"]
[ECO "B70"]
[WhiteElo "2281"]
[BlackElo "2138"]
[Annotator "ChessBase"]
[PlyCount "114"]
[EventDate "2018.07.28"]
[EventType "swiss"]
[EventCountry "GBR"]
[SourceTitle "playchess.com"]
[Source "ChessBase"]
[SourceQuality "1"]
[TimeControl "40/5400+30:1800+30"]

1. e4 c5 2. Nf3 Nc6 3. d4 cxd4 4. Nxd4 g6 5. Nc3 Bg7 6. Nde2 Nf6 7. g3 d6 8. Bg2 O-O 9. O-O Bd7 10. h3 a6 11. a4 Rb8 12. b3 b5 13. Rb1 Ne8 14. axb5 axb5 15. Be3 b4 16. Nd5 e6 17. Ndf4 Qe7 18. Qd2 Nc7 19. Rbd1 Nb5 20. h4 Rfc8 21. h5 Ne5 22. hxg6 hxg6 23. f3 Bf8 24. Nd4 Nc3 25. Ra1 Rc7 26. Ra5 Nc6 27. Nxc6 Bxc6 28. Nd3 Bg7 29. e5 dxe5 30. Bc5 Qd7 31. Bxb4 Qd4+ 32. Rf2 e4 33. fxe4 Nxe4 34. c3 Qxf2+ 35. Qxf2 Nxf2 36. Nxf2 Bxg2 37. Bd6 Rcc8 38. Bxb8 Rxb8 39. Kxg2 Bxc3 40. Ra3 Bb2 41. Ra6 Rxb3 42. Ne4 Be5 43. Ra5 Bb8 44. g4 f5 45. Nc5 Rb4 46. g5 Kf7 47. Kf3 Bd6 48. Nd3 Rb7 49. Ra6 Rd7 50. Nb2 e5 51. Nc4 e4+ 52. Ke3 Bc7 53. Rf6+ Kg7 54. Rc6 Rd3+ 55. Ke2 Bf4 56. Ra6 Rd7 57. Rc6 Re7 0-1